[Event "Titled Tuesday Blitz March 29 Early 2022"]
[White "Khripachenko, Alexander"]
[Black "Fajdetic, Hrvoje"]
[WhiteFideId "54184975"]
[BlackFideId "14501945"]
[WhiteElo "2177"]
[BlackElo "2172"]
[Result "0-1"]
[Round "03"]
[TimeControl "180+1"]
[Date "2022.03.30"]
[WhiteClock "0:01:13"]
[BlackClock "0:00:06"]

1. e4 e6 2. d4 d5 3. Nd2 dxe4 4. Nxe4 Nd7 5. Nf3 Ngf6 6. Nxf6+ Nxf6 7. g3 b6 8. Bg2 Bb7 9. O-O Bd6 10. Qe2 O-O 11. b3 a5 12. a4 Ra7 13. Bb2 Qa8 14. c4 Rd8 15. Rfd1 Nd7 16. Ne1 Bxg2 17. Nxg2 c5 18. d5 Nf8 19. Ne3 Re7 20. Qg4 Ng6 21. h4 Be5 22. Bxe5 Nxe5 23. Qe4 exd5 24. Nxd5 Re6 25. Re1 Rde8 26. Kg2 Nxc4 27. Qf3 Nd2 28. Qd3 Nxb3 29. Rxe6 fxe6 30. Re1 Rd8 31. Qxb3 Qxd5+ 32. Qxd5 exd5 33. Re6 d4 34. Kf1 Rb8 35. Ke2 b5 36. axb5 Rxb5 37. Re7 a4 38. Ra7 Rb2+ 39. Kd3 Rxf2 40. h5 Rf3+ 41. Kc4 Rc3+ 42. Kd5 d3 43. Ke6 h6 44. Rd7 c4 45. Kf5 Rc2 46. Kg6 Kf8 47. Rxg7 Rf2 48. Rd7 Ke8 49. Rd4 d2 50. Kxh6 c3 51. Kg7 c2 52. h6 c1=Q 53. h7 Rh2 54. Re4+ Kd7 55. Rd4+ Ke6 56. Kg8 Qc8+ 57. Rd8 Qxd8+ 58. Kg7 Rxh7+ 59. Kg6 Rg7+ 60. Kxg7 Qg5+ 61. Kh7 Qxg3 62. Kh6 Kf6 63. Kh7 Qg7# 0-1


[Site "https://www.chess.com"]

[Event "Titled Tuesday Blitz March 29 Early 2022"]
[White "Kiltti, Jyrki"]
[Black "San, Thit Lwin"]
[WhiteFideId "501204"]
[BlackFideId "13001272"]
[WhiteElo "2245"]
[BlackElo "2232"]
[Result "1-0"]
[Round "03"]
[TimeControl "180+1"]
[Date "2022.03.30"]
[WhiteClock "0:01:56"]
[BlackClock "0:01:17"]

1. Nc3 Nf6 2. f4 d5 3. d3 Bf5 4. e3 c5 5. Nf3 Nc6 6. g3 e6 7. Bg2 Bd6 8. O-O O-O 9. Qe1 e5 10. fxe5 Nb4 11. Qe2 d4 12. exf6 dxc3 13. fxg7 Re8 14. bxc3 Nd5 15. Bd2 Bg6 16. Nh4 Be5 17. Nxg6 hxg6 18. Qf3 Nf6 19. d4 cxd4 20. cxd4 Bxd4 21. exd4 Qxd4+ 22. Qf2 1-0


[Site "https://www.chess.com"]

[Event "Titled Tuesday Blitz March 29 Early 2022"]
[White "Koellner, Ruben Gideon"]
[Black "Thomas, Anysia"]
[WhiteFideId "12993093"]
[BlackFideId "670472"]
[WhiteElo "2555"]
[BlackElo "2002"]
[Result "0-1"]
[Round "03"]
[TimeControl "180+1"]
[Date "2022.03.30"]
[WhiteClock "0:00:06"]
[BlackClock "0:00:11"]

1. d4 Nf6 2. Bg5 Ne4 3. Bf4 d5 4. f3 Nf6 5. Nc3 c5 6. dxc5 Nc6 7. e4 d4 8. Nb5 e5 9. Bg5 Bxc5 10. Bd3 a6 11. Na3 Bxa3 12. bxa3 Qa5+ 13. Qd2 Qxa3 14. Bxf6 gxf6 15. Ne2 Qb4 16. Qxb4 Nxb4 17. a3 Nc6 18. Rb1 b5 19. a4 b4 20. Bc4 Be6 21. Bb3 O-O 22. Kd2 Rfc8 23. g4 Rc7 24. h4 Rac8 25. h5 Na5 26. Rhc1 Bc4 27. h6 Bxe2 28. Kxe2 Rc3 29. Bd5 b3 30. Kd2 Rxc2+ 31. Rxc2 Rxc2+ 32. Kd1 Rc3 33. Ke2 Kf8 34. Rg1 Ke7 35. Kd2 b2 36. Rb1 Rxf3 37. Rxb2 Rf2+ 38. Kc1 Rxb2 39. Kxb2 Kd6 40. Bxf7 Nc6 41. Bg8 Nd8 42. Kb3 Kc5 43. Bxh7 Nf7 44. Bf5 Nxh6 45. Be6 a5 46. Kc2 Kb4 47. Bd7 Ng8 48. Kd3 Ne7 49. Bb5 Ng6 50. Kd2 Nf4 51. Bd7 Kc5 52. Bb5 Kd6 53. Be8 Kc5 54. Bb5 Kb4 55. Be8 Ka3 56. Bb5 Kb3 57. Bd7 Kc4 58. Bb5+ Kc5 59. Bd7 Kd6 60. Bb5 Ke7 61. Bc6 Kf7 62. Bb5 Kg7 63. Bd7 Kg6 64. Kc2 Kg5 65. Kb3 Kh4 66. Kc4 Kg3 67. Bb5 Kf3 68. Kc5 Kxe4 69. Kb6 d3 70. Kxa5 d2 71. Bc6+ Ke3 72. Kb6 d1=Q 73. a5 Qb3+ 74. Bb5 Nd5+ 75. Kc5 e4 76. a6 Ne7 77. Kb6 Qe6+ 78. Kb7 Qc8+ 79. Kb6 Qb8+ 80. Kc5 Qa7+ 81. Kd6 Ng6 82. Kc6 Ne5+ 83. Kd5 Kf4 84. Ke6 Nxg4 85. Kd5 f5 86. Kc6 e3 0-1


[Site "https://www.chess.com"]

[Event "Titled Tuesday Blitz March 29 Early 2022"]
[White "Kopylov, Alexander A."]
[Black "Hamley, Ryan"]
[WhiteFideId "4164857"]
[BlackFideId "30959497"]
[WhiteElo "2436"]
[BlackElo "2516"]
[Result "0-1"]
[Round "03"]
[TimeControl "180+1"]
[Date "2022.03.30"]
[WhiteClock "0:00:17"]
[BlackClock "0:00:15"]

1. e4 c6 2. d4 g6 3. Nf3 Bg7 4. Bd3 d5 5. e5 Bg4 6. O-O e6 7. c3 Nd7 8. Nbd2 Ne7 9. Re1 Rc8 10. Nf1 c5 11. Be3 cxd4 12. cxd4 O-O 13. Ng3 Qb6 14. Rb1 Nc6 15. Be2 Rfe8 16. h3 Bxf3 17. Bxf3 Nb4 18. a3 Nc2 19. Re2 Nxe3 20. Rxe3 Nb8 21. Ne2 Nc6 22. Rd3 Rc7 23. Nc3 Na5 24. Be2 Nc4 25. Na4 Qc6 26. Rc3 Qd7 27. Nc5 Qc8 28. Qc2 Na5 29. b4 Nc6 30. Qd2 Ne7 31. Rbc1 b6 32. Na6 Rxc3 33. Rxc3 Qd7 34. b5 Rc8 35. Nb4 Nf5 36. Nc6 Bf8 37. Bd3 Ne7 38. Qc2 Re8 39. Nxe7+ Rxe7 40. Rc6 Re8 41. a4 Ra8 42. Rc7 Qe8 43. Rc6 Bh6 44. Be2 Bf8 45. f3 Bh6 46. g4 Be3+ 47. Kg2 Bxd4 48. f4 Bc5 49. Bd3 Qe7 50. Kf3 Qh4 51. Qg2 Qe1 52. Qe2 Qh1+ 53. Qg2 Qe1 54. Qe2 Qc3 55. Kg2 Qd4 56. Qc2 Qxf4 57. Be2 Qf2+ 58. Kh1 Qg1# 0-1


[Site "https://www.chess.com"]

[Event "Titled Tuesday Blitz March 29 Early 2022"]
[White "Koridze, Lile"]
[Black "Quirke, Jeffrey"]
[WhiteFideId "13612514"]
[BlackFideId "2013029"]
[WhiteElo "1999"]
[BlackElo "2171"]
[Result "1-0"]
[Round "03"]
[TimeControl "180+1"]
[Date "2022.03.30"]
[WhiteClock "0:01:25"]
[BlackClock "0:00:01"]

1. d4 d5 2. c4 e6 3. Nf3 Nf6 4. Nc3 c5 5. cxd5 Nxd5 6. e4 Nxc3 7. bxc3 cxd4 8. cxd4 Bb4+ 9. Bd2 Bxd2+ 10. Qxd2 O-O 11. Be2 Nd7 12. O-O b6 13. d5 Nf6 14. Bd3 exd5 15. e5 Ne4 16. Qf4 Bb7 17. Rad1 Qe7 18. Rfe1 Rfe8 19. Bxe4 dxe4 20. Ng5 h6 21. Nxe4 Qxe5 22. Qxe5 Rxe5 23. Nd6 Rxe1+ 24. Rxe1 Bd5 25. a3 Rd8 26. Nb5 Be6 27. Nxa7 Ra8 28. Nb5 Ra5 29. Re5 Bc4 30. a4 Rxa4 31. f3 Ra1+ 32. Kf2 Rf1+ 33. Kg3 Rb1 34. Nd6 Be6 35. Nb7 b5 36. Na5 b4 37. Rb5 b3 38. Rb4 b2 39. Rb6 g6 40. Nb7 Kg7 41. Nc5 Kf6 42. Nd3 Ke7 43. Nxb2 Kd7 44. Kf2 Kc7 45. Rb4 Kc6 46. h3 h5 47. g4 hxg4 48. hxg4 Rh1 49. Nd3 Rh2+ 50. Ke3 Ra2 51. Rf4 Kd7 52. Rd4+ Ke7 53. g5 Ra3 54. Ke2 Bf5 55. Ne5 Ra2+ 56. Ke3 Ra3+ 57. Kf4 1-0


[Site "https://www.chess.com"]

[Event "Titled Tuesday Blitz March 29 Early 2022"]
[White "Kostiukov, Alexandr"]
[Black "Perera Alfonso, Rene Humberto"]
[WhiteFideId "14108100"]
[BlackFideId "3514722"]
[WhiteElo "2202"]
[BlackElo "2313"]
[Result "1-0"]
[Round "03"]
[TimeControl "180+1"]
[Date "2022.03.30"]
[WhiteClock "0:00:48"]
[BlackClock "0:02:30"]

1. g3 e5 2. Bg2 Nc6 3. c4 f5 4. Nc3 Nf6 5. e3 d5 6. cxd5 Nb4 7. d4 e4 8. Nge2 Nbxd5 9. O-O Be7 10. Bd2 O-O 11. Qb3 c6 12. Nf4 Kh8 13. Ncxd5 cxd5 14. h4 Bd6 15. Bb4 Bxb4 16. Qxb4 b6 17. Rfc1 Ba6 18. Ne6 Qe8 19. Qxf8+ Qxf8 20. Nxf8 Rxf8 21. Rc7 Bd3 22. Rac1 h6 23. Rxa7 g5 24. hxg5 hxg5 25. Rcc7 Kg8 26. Bf1 Bxf1 27. Kxf1 f4 28. Ke2 Ne8 29. Rc8 fxe3 30. fxe3 g4 31. Raa8 Kf7 32. a4 Rh8 33. Ra7+ Kf8 34. Rxe8+ Kxe8 35. Ra8+ 1-0


[Site "https://www.chess.com"]

[Event "Titled Tuesday Blitz March 29 Early 2022"]
[White "Kozak, Antoni"]
[Black "Sanal, Vahap"]
[WhiteFideId "21832030"]
[BlackFideId "6300545"]
[WhiteElo "2236"]
[BlackElo "2603"]
[Result "0-1"]
[Round "03"]
[TimeControl "180+1"]
[Date "2022.03.29"]
[WhiteClock "0:00:03"]
[BlackClock "0:01:27"]

1. d4 Nf6 2. c4 e6 3. Nf3 d5 4. Nc3 c6 5. e3 Nbd7 6. Qc2 Bd6 7. Bd3 dxc4 8. Bxc4 O-O 9. O-O b5 10. Bd3 Bb7 11. Ng5 b4 12. Nce4 Nxe4 13. Nxe4 Be7 14. b3 Rc8 15. Nc5 Nxc5 16. dxc5 Qd5 17. Bb2 Qxc5 18. Bxh7+ Kh8 19. Qxc5 Bxc5 20. Be4 Be7 21. Rac1 Rfd8 22. Rc2 Ba6 23. Rfc1 c5 24. g3 Kg8 25. h4 g6 26. Kg2 f5 27. Bf3 Bd3 28. Be2 Be4+ 29. Kf1 Bxc2 30. Rxc2 Kf7 31. Ke1 Bf6 32. Bxf6 Kxf6 33. Bc4 e5 34. Ke2 e4 35. Ba6 Rc6 36. Bb5 Rc7 37. Ba4 a5 38. Bb5 Rd6 39. Ba4 c4 40. bxc4 Rc5 41. Bb5 Rd3 42. Rb2 Ke7 43. Rc2 Ra3 44. Rb2 Rc7 45. Rd2 a4 46. Rb2 b3 47. axb3 Rxb3 48. Rxb3 axb3 49. Kd2 Ra7 50. Kc3 Ra2 51. c5 Rxf2 52. c6 b2 53. c7 b1=Q 54. c8=Q Qc2+ 0-1


[Site "https://www.chess.com"]

[Event "Titled Tuesday Blitz March 29 Early 2022"]
[White "Krylov, Ivan"]
[Black "Dixit, Nikhil"]
[WhiteFideId "24128066"]
[BlackFideId "5059534"]
[WhiteElo "2258"]
[BlackElo "2223"]
[Result "0-1"]
[Round "03"]
[TimeControl "180+1"]
[Date "2022.03.30"]
[WhiteClock "0:00:36"]
[BlackClock "0:01:45"]

1. e4 Nc6 2. Nf3 d6 3. d4 Nf6 4. Nc3 g6 5. Bb5 a6 6. Ba4 b5 7. Bb3 Bg7 8. h3 O-O 9. Be3 Na5 10. O-O Nxb3 11. axb3 b4 12. Ne2 Nxe4 13. Bd2 Nxd2 14. Qxd2 a5 15. c3 Bb7 16. Ne1 c5 17. Nd3 bxc3 18. bxc3 cxd4 19. Nxd4 e5 20. Nb5 Qb6 21. Na3 Qc6 22. f3 e4 23. fxe4 Bxc3 24. Qe2 Bxa1 25. Rxa1 Ba6 26. Qe3 Qc3 27. Rd1 Qxb3 28. Rd2 Qxa3 29. Qd4 Bxd3 30. Rxd3 Qc5 31. Qxc5 dxc5 32. Rc3 a4 33. Rxc5 a3 34. Rc1 a2 35. Ra1 Rfb8 36. Kf2 Rb1 37. Rxb1 axb1=Q 38. Kf3 Qxe4+ 39. Kxe4 Kg7 40. Kf3 h6 41. g4 Rb8 42. Kg3 Rc8 43. h4 Rd8 44. Kf4 Re8 45. g5 Rf8 46. gxh6+ Kxh6 47. Kg4 Kg7 48. Kg5 f6+ 49. Kg4 Rh8 50. Kh3 Rh5 51. Kg4 Kf7 52. Kg3 Ke7 53. Kg4 Kd7 54. Kg3 Kc7 55. Kg4 Kb7 56. Kg3 Ka7 57. Kg4 Ka6 58. Kg3 Ka5 59. Kg4 Ka4 60. Kg3 Ka3 61. Kg4 Ka2 62. Kg3 Ka1 63. Kg4 Kb1 64. Kg3 Kc1 65. Kg4 Kd1 66. Kg3 Ke2 67. Kg4 Ke3 68. Kg3 Ke4 69. Kg4 Ke5 70. Kg3 Kf5 71. Kh3 Kf4 72. Kg2 Rxh4 73. Kf2 Rh2+ 74. Kg1 Ra2 75. Kf1 Kf3 76. Ke1 Rh2 77. Kd1 g5 78. Kc1 g4 79. Kd1 g3 80. Ke1 Ke4 81. Kf1 Kd5 82. Kg1 Kc6 83. Kf1 Kd7 84. Kg1 Ke6 85. Kf1 Kf5 86. Kg1 Kg4 87. Kf1 Kh3 88. Kg1 f5 89. Kf1 f4 90. Kg1 f3 91. Kf1 Rg2 92. Ke1 Kh2 93. Kf1 Kh1 94. Ke1 Kg1 95. Kd1 Kf1 96. Kc1 Ke1 97. Kb1 Kd1 98. Ka1 Rc2 99. Kb1 f2 100. Ka1 f1=Q 101. Kb1 g2 102. Ka1 g1=Q 103. Kb1 Kd2# 0-1


[Site "https://www.chess.com"]

[Event "Titled Tuesday Blitz March 29 Early 2022"]
[White "Krysa, Leandro"]
[Black "Sarkar, Justin"]
[WhiteFideId "116807"]
[BlackFideId "2010011"]
[WhiteElo "2490"]
[BlackElo "2038"]
[Result "1-0"]
[Round "03"]
[TimeControl "180+1"]
[Date "2022.03.30"]
[WhiteClock "0:00:39"]
[BlackClock "0:00:01"]

1. e4 e5 2. Nf3 Nc6 3. Bb5 a6 4. Ba4 Nf6 5. O-O Nxe4 6. d4 b5 7. Bb3 d5 8. dxe5 Be6 9. c3 Bc5 10. Nbd2 O-O 11. Bc2 Nxf2 12. Rxf2 f6 13. Nb3 Bxf2+ 14. Kxf2 fxe5 15. Kg1 e4 16. Nfd4 Qf6 17. Be3 Ne5 18. Nxe6 Qxe6 19. Nc5 Qc6 20. Bb3 Nc4 21. Bxc4 dxc4 22. Qg4 Rae8 23. h3 Rf7 24. Rd1 a5 25. a3 Qg6 26. Qxg6 hxg6 27. Rd5 Rf5 28. Rd7 Rf7 29. Rd1 Rf6 30. Bd4 Rd6 31. Re1 e3 32. Re2 b4 33. axb4 axb4 34. Kh2 b3 35. Kg3 1-0


[Site "https://www.chess.com"]

[Event "Titled Tuesday Blitz March 29 Early 2022"]
[White "Lauridsen, Jesper Morch"]
[Black "Khumalo, Keith"]
[WhiteFideId "1401890"]
[BlackFideId "14319470"]
[WhiteElo "2309"]
[BlackElo "2038"]
[Result "1/2-1/2"]
[Round "03"]
[TimeControl "180+1"]
[Date "2022.03.30"]
[WhiteClock "0:00:09"]
[BlackClock "0:01:34"]

1. e4 c5 2. Nf3 d6 3. d4 cxd4 4. Nxd4 Nf6 5. Nc3 a6 6. h3 e5 7. Nde2 h6 8. Be3 Be6 9. Qd2 Nc6 10. O-O-O Be7 11. f4 b5 12. f5 Bc4 13. Ng3 Na5 14. b3 Bxf1 15. Rhxf1 Rc8 16. Nd5 Nxd5 17. Qxd5 Bg5 18. Rf3 Rc3 19. Bxg5 Qxg5+ 20. Kb2 Rxf3 21. Qa8+ Qd8 22. Qxd8+ Kxd8 23. gxf3 Ke7 24. f6+ Kxf6 25. Rxd6+ Kg5 26. Rxa6 Nb7 27. Ra7 Rb8 28. Nf5 g6 29. Ne7 Nd6 30. Nc6 Re8 31. Rd7 Re6 32. Nd8 Rf6 33. Rxd6 Rxf3 34. Rd3 Rf2 35. a4 bxa4 36. bxa4 f5 37. exf5 e4 38. Rg3+ Kxf5 39. a5 Rf3 40. Rg1 e3 41. a6 e2 42. a7 Rf1 43. a8=Q e1=Q 44. Rxf1+ Qxf1 45. Qa5+ Kf6 46. Qb6+ Kg5 47. Nb7 Qxh3 48. Qc5+ Qf5 49. Qxf5+ Kxf5 50. c4 h5 51. c5 Ke6 52. c6 h4 53. Kc1 h3 54. Nc5+ Kd6 55. Ne4+ Kxc6 56. Kd2 Kd5 57. Ke3 Ke5 58. Ng5 h2 59. Nf3+ Kf5 60. Nxh2 Kg5 61. Kf2 Kh4 62. Kg2 Kg5 63. Nf3+ Kf4 64. Ng1 Kg4 65. Kh2 Kf4 66. Nh3+ Kg4 67. Nf2+ Kf3 68. Nh3 Kg4 69. Nf2+ Kh4 70. Kg2 g5 71. Nh3 g4 72. Nf2 g3 73. Ne4 Kg4 74. Nxg3 1/2-1/2


[Site "https://www.chess.com"]

[Event "Titled Tuesday Blitz March 29 Early 2022"]
[White "Le, Tuan Minh"]
[Black "Atakhan, Abtin"]
[WhiteFideId "12401153"]
[BlackFideId "22502203"]
[WhiteElo "2450"]
[BlackElo "2119"]
[Result "1-0"]
[Round "03"]
[TimeControl "180+1"]
[Date "2022.03.29"]
[WhiteClock "0:00:13"]
[BlackClock "0:00:02"]

1. d4 Nf6 2. Nf3 g6 3. Bg5 Bg7 4. c3 O-O 5. Nbd2 d5 6. e3 Nbd7 7. Bd3 c5 8. O-O b6 9. Qe2 Bb7 10. h3 Qc7 11. Bf4 Qc8 12. Rac1 Ne4 13. Rfd1 Re8 14. c4 Nxd2 15. Rxd2 cxd4 16. exd4 Ba6 17. b3 dxc4 18. bxc4 Bb7 19. Bg3 e6 20. Rdc2 Bxf3 21. Qxf3 Bxd4 22. Be4 Rb8 23. Bc6 e5 24. Bd5 Rf8 25. Bh4 Qc5 26. Bg5 Kg7 27. Rb1 f6 28. Bd2 a5 29. h4 b5 30. h5 bxc4 31. Rbc1 Bxf2+ 32. Kf1 Nb6 33. Bxc4 Bd4 34. Bd3 Qd6 35. Rc6 Qd5 36. Rc7+ Rf7 37. h6+ Kf8 38. Be4 Qb5+ 39. Ke1 Rxc7 40. Rxc7 Nd7 41. Rxd7 Qxd7 42. Qxf6+ Qf7 43. Qd6+ Qe7 44. Qxb8+ Kf7 45. Qb3+ Ke8 46. Bc6+ Kf8 47. Qf3+ Kg8 48. Bd5+ Kh8 49. Qf7 Qh4+ 50. Kd1 Qh1+ 51. Kc2 1-0


[Site "https://www.chess.com"]

[Event "Titled Tuesday Blitz March 29 Early 2022"]
[White "Manukyan, Sargis A."]
[Black "Korchmar, Vasiliy"]
[WhiteFideId "13303970"]
[BlackFideId "24131750"]
[WhiteElo "2187"]
[BlackElo "2370"]
[Result "1-0"]
[Round "03"]
[TimeControl "180+1"]
[Date "2022.03.30"]
[WhiteClock "0:00:40"]
[BlackClock "0:00:57"]

1. d4 Nf6 2. c4 c6 3. Nc3 d5 4. e3 e6 5. Nf3 Nbd7 6. Bd3 dxc4 7. Bxc4 b5 8. Bd3 b4 9. Na4 c5 10. dxc5 Nxc5 11. Bb5+ Bd7 12. Bxd7+ Qxd7 13. Qxd7+ Nfxd7 14. Nxc5 Nxc5 15. Ke2 b3 16. Bd2 Be7 17. Bb4 Rb8 18. Bxc5 Bxc5 19. axb3 Rxb3 20. Ra2 Ke7 21. Nd2 Rb4 22. Rc1 Bb6 23. Rc4 Rb5 24. b3 Rd8 25. Rac2 Ba5 26. Nf3 Rxb3 27. Nd4 Rxd4 28. Rxd4 Bb6 29. Rd3 Rb1 30. Rcd2 f5 31. Rd7+ Kf6 32. f4 h6 33. Rb7 g5 34. g3 g4 35. Rdd7 Rb2+ 36. Kd3 Rb3+ 37. Kc4 Rxe3 38. Rg7 e5 39. Rbf7+ Ke6 40. Re7+ Kd6 41. fxe5+ Rxe5 42. Rxe5 Kxe5 43. Rh7 Be3 44. Re7+ Kf6 45. Rxe3 f4 46. Re4 fxg3 47. hxg3 h5 48. Kd5 Kf5 49. Re5+ Kg6 50. Ke4 a5 51. Rxa5 h4 52. gxh4 Kh7 53. Rg5 Kh8 54. Rxg4 Kh7 55. Kf5 Kh8 56. Rg6 Kh7 57. Kf6 Kh8 58. Kf7 Kh7 59. h5 Kh8 60. Rh6# 1-0


[Site "https://www.chess.com"]

[Event "Titled Tuesday Blitz March 29 Early 2022"]
[White "Marcziter, Dmitrii"]
[Black "Lopez Gracia, Fernando"]
[WhiteFideId "13900765"]
[BlackFideId "2207184"]
[WhiteElo "2155"]
[BlackElo "2428"]
[Result "1-0"]
[Round "03"]
[TimeControl "180+1"]
[Date "2022.03.30"]
[WhiteClock "0:00:35"]
[BlackClock "0:00:14"]

1. d4 Nf6 2. c4 e6 3. Nf3 c5 4. d5 d6 5. dxe6 Bxe6 6. e3 d5 7. cxd5 Nxd5 8. Bb5+ Nc6 9. O-O Be7 10. e4 Nc7 11. Bxc6+ bxc6 12. Nc3 O-O 13. Qe2 Qc8 14. h3 Qb7 15. Bg5 Bxg5 16. Nxg5 h6 17. Nf3 Rfd8 18. Rfd1 Nb5 19. Qe3 Nd4 20. Nxd4 cxd4 21. Rxd4 Qxb2 22. Rad1 Qb6 23. Kh2 Rxd4 24. Qxd4 Qc7+ 25. g3 Rb8 26. Rd2 a5 27. e5 Kf8 28. Qc5+ Kg8 29. a4 Qb6 30. Ne4 Qxc5 31. Nxc5 Rb4 32. Rd8+ Kh7 33. Ra8 Bd5 34. Rxa5 Rc4 35. Nd3 Rc3 36. Nf4 Bf3 37. Ra7 Rc1 38. g4 Rc4 39. Kg3 Bd1 40. a5 g5 41. Nh5 Rc3+ 42. Kh2 Kg8 43. Ra8+ Kh7 44. Nf6+ Kg7 45. Rg8# 1-0


[Site "https://www.chess.com"]

[Event "Titled Tuesday Blitz March 29 Early 2022"]
[White "Martin Carmona, Gaston Manuel"]
[Black "Lagunov, Evgenij"]
[WhiteFideId "22284567"]
[BlackFideId "4125363"]
[WhiteElo "2161"]
[BlackElo "2200"]
[Result "1-0"]
[Round "03"]
[TimeControl "180+1"]
[Date "2022.03.30"]
[WhiteClock "0:00:21"]
[BlackClock "0:00:32"]

1. c4 e6 2. g3 d5 3. Bg2 Nf6 4. Nf3 Be7 5. d4 O-O 6. O-O dxc4 7. Qc2 a6 8. a4 Bd7 9. Qxc4 Bc6 10. Bf4 Nbd7 11. Nc3 Nb6 12. Qd3 Nbd5 13. Bg5 Nxc3 14. bxc3 Be4 15. Qe3 Bf5 16. Nh4 Nd5 17. Bxe7 Nxe3 18. Bxd8 Nxg2 19. Nxf5 Rfxd8 20. Nxg7 Nf4 21. gxf4 Kxg7 22. a5 b5 23. axb6 cxb6 24. Rfb1 b5 25. Kg2 Rdc8 26. Ra3 Kf6 27. Kf3 Ke7 28. Ke4 Kd6 29. Rba1 Rc6 30. f5 exf5+ 31. Kxf5 Kd5 32. e4+ Kc4 33. d5 Rb6 34. f4 Rd6 35. Rd1 a5 36. Rd4+ Kc5 37. Rd2 Raa6 38. Ra1 a4 39. Rad1 a3 40. e5 Rd8 41. d6 a2 42. Ra1 Ra3 43. Rdxa2 Rxc3 44. Ra8 b4 45. Rxd8 b3 46. Rc8+ Kb4 47. Rxc3 Kxc3 48. Rb1 Kc2 49. Rxb3 Kxb3 50. d7 1-0


[Site "https://www.chess.com"]

[Event "Titled Tuesday Blitz March 29 Early 2022"]
[White "Martin, Lewis"]
[Black "Mangialardo, Tiago Carvalho"]
[WhiteFideId "410551"]
[BlackFideId "2130718"]
[WhiteElo "2145"]
[BlackElo "2058"]
[Result "1-0"]
[Round "03"]
[TimeControl "180+1"]
[Date "2022.03.30"]
[WhiteClock "0:01:16"]
[BlackClock "0:00:01"]

1. e4 e5 2. Nf3 Nc6 3. Bb5 a6 4. Ba4 Nf6 5. O-O Be7 6. Re1 d6 7. c3 O-O 8. h3 b5 9. Bb3 Na5 10. Bc2 c5 11. d4 cxd4 12. cxd4 exd4 13. Nxd4 Qc7 14. Nc3 Bb7 15. Bg5 Rfe8 16. Rc1 Nc4 17. b3 Ne5 18. Bb1 Qb6 19. Nf5 Qd8 20. Bxf6 Bxf6 21. Qxd6 Re6 22. Qxd8+ Rxd8 23. Red1 g6 24. Ne3 Rxd1+ 25. Ncxd1 Nc6 26. Nd5 Nd4 27. Rc7 Bxd5 28. exd5 Rd6 29. Ne3 Ne2+ 30. Kf1 Nf4 31. Be4 Bd4 32. Ng4 Nxd5 33. Bxd5 Rxd5 34. Nh6+ Kg7 35. Nxf7 Kf6 36. Nh6 Kg5 37. Ng4 h5 38. Nh2 Rf5 39. Nf3+ Kf4 40. Nxd4 Re5 1-0


[Site "https://www.chess.com"]

[Event "Titled Tuesday Blitz March 29 Early 2022"]
[White "Maung, Maung Kyaw Zaw Hein"]
[Black "Rastbod, Ali"]
[WhiteFideId "13001698"]
[BlackFideId "12567477"]
[WhiteElo "1785"]
[BlackElo "2200"]
[Result "0-1"]
[Round "03"]
[TimeControl "180+1"]
[Date "2022.03.30"]
[WhiteClock "0:00:13"]
[BlackClock "0:00:43"]

1. Nf3 g6 2. c4 Bg7 3. d4 d6 4. Nc3 Nc6 5. e4 Bg4 6. Be3 e5 7. dxe5 Nxe5 8. Be2 Nxf3+ 9. Bxf3 Be6 10. Qd3 Ne7 11. O-O Nc6 12. Be2 O-O 13. Nd5 Ne5 14. Qc2 c6 15. Nf4 Ng4 16. Bxg4 Bxg4 17. f3 Bd7 18. Rad1 Qc7 19. Qd2 Be5 20. Bd4 Rad8 21. Bxe5 dxe5 22. Nd3 Be6 23. Qc3 f6 24. Kh1 Qb6 25. c5 Qc7 26. Nb4 a5 27. Nc2 Bxa2 28. b3 Qf7 29. Qxa5 Rxd1 30. Rxd1 Bxb3 31. Rd2 Qc4 32. Ne1 Qf1# 0-1


[Site "https://www.chess.com"]

[Event "Titled Tuesday Blitz March 29 Early 2022"]
[White "Melikhov, Evgeny V."]
[Black "Gracia Alvarez, Gerardo Antonio"]
[WhiteFideId "4122046"]
[BlackFideId "5109124"]
[WhiteElo "1945"]
[BlackElo "2139"]
[Result "1-0"]
[Round "03"]
[TimeControl "180+1"]
[Date "2022.03.30"]
[WhiteClock "0:00:36"]
[BlackClock "0:00:02"]

1. d4 Nf6 2. c4 c5 3. d5 b5 4. cxb5 a6 5. b6 e6 6. Nc3 Nxd5 7. Nxd5 exd5 8. Qxd5 Nc6 9. e4 Be7 10. Bc4 O-O 11. Nf3 Rb8 12. O-O Rxb6 13. Ng5 Qe8 14. Qf5 g6 15. Qh3 h5 16. Qg3 Na5 17. Bd5 Bb7 18. b3 Bxd5 19. exd5 Bf6 20. Rb1 Qe5 21. Qxe5 Bxe5 22. Bb2 Bxb2 23. Rxb2 Nc4 24. Re2 Nd6 25. Ne4 Nxe4 26. Rxe4 Rd6 27. Rd1 Rb8 28. f4 Kg7 29. Kf2 Rb4 30. Rxb4 cxb4 31. Ke3 Kf6 32. Kd4 Kf5 33. g3 a5 34. Rc1 h4 35. Rc5 Ra6 36. Rc7 Kg4 37. Rxd7 f5 38. d6 hxg3 39. hxg3 Kxg3 40. Kd5 Kxf4 41. Rg7 g5 42. d7 Ra8 43. Kd6 g4 44. Kc7 Kf3 45. d8=Q Rxd8 46. Kxd8 g3 47. Ke7 f4 48. Kf6 Kf2 49. Ke5 f3 50. Kf4 g2 51. Rg3 Ke2 52. Ke4 g1=Q 53. Rxg1 f2 54. Rg2 1-0


[Site "https://www.chess.com"]

[Event "Titled Tuesday Blitz March 29 Early 2022"]
[White "Migot, Tangi"]
[Black "Babazada, Khazar"]
[WhiteFideId "662445"]
[BlackFideId "13413554"]
[WhiteElo "2531"]
[BlackElo "2418"]
[Result "0-1"]
[Round "03"]
[TimeControl "180+1"]
[Date "2022.03.30"]
[WhiteClock "0:00:09"]
[BlackClock "0:00:11"]

1. e4 e5 2. Nf3 Nc6 3. Bc4 Bc5 4. d3 Nf6 5. a4 d6 6. a5 a6 7. c3 h6 8. h3 Ba7 9. Be3 O-O 10. O-O Ne7 11. Nbd2 Ng6 12. d4 c6 13. Qc2 Qe7 14. Rfe1 Bd7 15. Bf1 Nh5 16. Nc4 Qf6 17. dxe5 dxe5 18. Nh2 Nhf4 19. Rad1 Be6 20. Bxa7 Rxa7 21. Nb6 Qg5 22. Kh1 Qh5 23. Be2 Qg5 24. Rg1 Bb3 25. Qxb3 Nxe2 26. Nf3 Qh5 27. Rge1 Nef4 28. Ng1 Nh4 29. g3 Nxh3 30. gxh4 Nxf2+ 31. Kg2 Nxd1 32. Qxd1 Qxh4 33. Nf3 Qg4+ 34. Kf2 f5 35. Rg1 Qxe4 36. Qd7 Rf7 37. Qe8+ Rf8 38. Qe6+ Kh8 39. Qe7 Rg8 40. Rg6 f4 41. Qe6 Qe3+ 42. Kg2 Qe2+ 43. Kg1 Qxf3 44. Rxh6+ gxh6+ 0-1


[Site "https://www.chess.com"]

[Event "Titled Tuesday Blitz March 29 Early 2022"]
[White "Mirzoev, Azer"]
[Black "Dwilewicz, Katarzyna"]
[WhiteFideId "13400304"]
[BlackFideId "1148486"]
[WhiteElo "2525"]
[BlackElo "1907"]
[Result "1-0"]
[Round "03"]
[TimeControl "180+1"]
[Date "2022.03.30"]
[WhiteClock "0:00:53"]
[BlackClock "0:00:04"]

1. c4 b6 2. Nc3 Bb7 3. d4 Nf6 4. f3 g6 5. e4 d6 6. Be3 Bg7 7. Qd2 O-O 8. Nge2 c5 9. d5 Nbd7 10. Ng3 h5 11. Be2 a6 12. O-O Rc8 13. a4 a5 14. h3 Kh7 15. Rad1 Ng8 16. f4 Bh6 17. f5 Bxe3+ 18. Qxe3 Ne5 19. Rf2 Qd7 20. Rdf1 Ba6 21. b3 Nf6 22. Qg5 Rg8 23. Qe3 Rg7 24. fxg6+ fxg6 25. Nd1 Rcg8 26. Nb2 Bc8 27. Nd3 Nxd3 28. Bxd3 Qc7 29. Qg5 Kh8 30. e5 dxe5 31. Re1 e4 32. Bxe4 Nxe4 33. Nxe4 Bf5 34. Ng3 Bc8 35. Rfe2 Re8 36. Re5 Kg8 37. Ne4 Qd8 38. Nf6+ Kh8 39. Nxe8 Qxe8 40. Rxe7 Qf8 41. Qh6+ Kg8 42. Re8 1-0


[Site "https://www.chess.com"]

[Event "Titled Tuesday Blitz March 29 Early 2022"]
[White "Miszler, Levente"]
[Black "Bashirli, Saadat"]
[WhiteFideId "763276"]
[BlackFideId "13429990"]
[WhiteElo "1966"]
[BlackElo "1173"]
[Result "1-0"]
[Round "03"]
[TimeControl "180+1"]
[Date "2022.03.30"]
[WhiteClock "0:00:03"]
[BlackClock "0:00:24"]

1. d4 d5 2. c4 e6 3. Nc3 c6 4. Nf3 dxc4 5. e4 b5 6. e5 Bb4 7. Be3 Ne7 8. Be2 Nd7 9. O-O O-O 10. Ne4 Nf5 11. Bd2 Bxd2 12. Qxd2 Nb6 13. Rad1 Nd5 14. Nc5 Bd7 15. Ng5 a5 16. Nge4 Qe7 17. g4 Nh6 18. f4 f6 19. exf6 gxf6 20. f5 exf5 21. Qxh6 fxg4 22. Kh1 f5 23. Ng5 Rf6 24. Qh4 Rd8 25. Rde1 Ne3 26. Bxc4+ Kh8 27. Rxe3 Qg7 28. Bd3 h6 29. Nce6 Qe7 30. Nxd8 Qxe3 31. Nf3 Qe7 32. Ne5 Kg7 33. Ndf7 Be6 34. Qh5 Bd5+ 35. Kg1 Rxf7 36. Nxf7 Bxf7 37. Qxf5 Qe3+ 38. Rf2 Qe1+ 39. Rf1 Qe3+ 40. Qf2 Qe7 41. Qxf7+ Qxf7 42. Rxf7+ Kxf7 43. Be4 Ke6 44. Bxc6 Kd6 45. d5 Ke5 46. Kf2 Kd6 47. Kg3 h5 48. Kh4 Kc5 49. Kxh5 b4 50. Kxg4 a4 51. h4 Kd4 52. d6 Kd3 53. d7 Kc2 54. d8=Q Kxb2 55. Bxa4 Kxa2 56. Qd2+ Ka1 57. Qc1+ Ka2 58. Qc2+ Ka1 59. Qc4 b3 60. Bxb3 Kb2 61. Bd1 Ka3 62. Qb3# 1-0


[Site "https://www.chess.com"]